 Dungeon Crawl Stone Soup version 0.31.0-11-ge490571c62 (webtiles) character file.

Game seed: 6407682217165787125

1452 JustSomeDude the Thaumaturge (level 8, -6/56 HPs)
             Began as a Mummy Necromancer on Feb 5, 2024.
             Was an Initiate of Yredelemnul.
             Killed from afar by an orc wizard (10 damage)
             ... with a puff of flame
             ... on level 7 of the Dungeon.
             The game lasted 00:33:10 (5397 turns).

JustSomeDude the Thaumaturge (Mummy Necromancer)    Turns: 5397, Time: 00:33:10

Health: -6/56      AC:  3    Str: 12    XL:     8   Next: 47%
Magic:  12/20      EV: 12    Int: 16    God:    Yredelemnul [......]
Gold:   302        SH:  0    Dex: 12    Spells: 16/24 levels left

rFire   x . .        n - +3 trident (protect)
rCold   + . .        (no shield)
rNeg    + + +        a - +0 robe
rPois   ∞            (no helmet)
rElec   .            (no cloak)
rCorr   +            k - +0 pair of gloves
SInv    .            (no boots)
Will    +....        (no amulet)
Stlth   ++           i - ring of resist corrosion
HPRegen 0.29/turn    (no ring)
MPRegen 0.17/turn

%: faith
@: no status effects
A: cold resistance 1, negative energy resistance 3, torment resistance 2, heat
vulnerability 1, in touch with death 1, no potions, faith
a: Renounce Religion, Recall Undead Harvest


You were on level 7 of the Dungeon.
You worshipped Yredelemnul.
Yredelemnul was noncommittal.
You visited 2 branches of the dungeon, and saw 8 of its levels.

You collected 302 gold pieces.

Inventory:

Hand Weapons
 j - a +0 triple crossbow
 n - a +3 trident of protection (weapon)
Missiles
 b - 2 throwing nets
Armour
 a - a +0 robe (worn)
 k - a +0 pair of gloves (worn)
 o - a +0 kite shield
Jewellery
 i - a ring of resist corrosion (left hand)
Wands
 l - a wand of mindburst (20)
 m - a wand of digging (12)
Scrolls
 c - 2 scrolls of identify
 d - 2 scrolls of noise
 e - a scroll of poison
 f - a scroll of enchant weapon {unknown}
 g - a scroll of teleportation
 h - a scroll of fog {unknown}
 p - 2 scrolls of revelation {unknown}
 q - a scroll of immolation {unknown}


   Skills:
 + Level 2.3 Fighting
 + Level 0.6 Polearms
 + Level 2.2 Dodging
 + Level 2.3 Stealth
 + Level 1.2 Unarmed Combat
 + Level 8.9 Spellcasting
 + Level 7.5 Necromancy
 + Level 0.1 Evocations


You had 16 spell levels left.
You knew the following spells:

 Your Spells              Type           Power      Damage    Failure   Level
a - Necrotise             Necr           100%       1d9       1%          1
b - Vampiric Draining     Necr           47%        2d9       1%          3
c - Animate Dead          Necr           47%        N/A       4%          4

Your spell library contained the following spells:

 Spells                   Type           Power      Damage    Failure   Level
 Curse of Agony           Necr           47%        N/A       13%         5
 Hailstorm                Conj/Ice       7%         3d5       30%         3
 Summon Ice Beast         Ice/Summ       7%         N/A       30%         3
 Sculpt Simulacrum        Ice/Alch       3%         N/A       100%        6


Dungeon Overview and Level Annotations

Branches:
Dungeon (7/15)             Temple (1/1) D:5

Altars:
Ashenzari
Cheibriados
Fedhas
Gozag
Hepliaklqana
Kikubaaqudgha
Makhleb
Qazlal
Ru
Trog
Uskayaw
Vehumet
Wu Jian
Xom
Yredelemnul

Shops:
D:1 *


Innate Abilities, Weirdness & Mutations

You are immune to poison.
Your flesh is cold resistant. (rC+)
You are immune to negative energy. (rN+++)
You are immune to unholy pain and torment.
You are vulnerable to heat. (rF-)
You are in touch with the powers of death.
You do not drink.
You have a special connection with the divine. (Faith)


Message History

The iguana bites you but does no damage.
Something hits you but does no damage. The iguana bites you!
Something hits you but does no damage.
You miss something.
You hear some strange, mumbled words.
A puff of flame appears from out of thin air!
The puff of flame hits you! The fire burns you terribly!
The iguana barely misses you. Something hits you.
You see here a +0 whip.
You closely miss something. Something hits you.
You hit something.
Your weapon exudes an aura of protection.
Something hits you. x2
You barely miss something. Something hits you but does no damage.
You closely miss something. Something hits you but does no damage.
You miss something. Something hits you.
* * * LOW HITPOINT WARNING * * *
You miss something. Something hits you.
* * * LOW HITPOINT WARNING * * *
Something hits you.
* * * LOW HITPOINT WARNING * * *
You closely miss something. Something hits you.
* * * LOW HITPOINT WARNING * * *
You closely miss something. Something barely misses you.
You barely miss something. Something hits you.
* * * LOW HITPOINT WARNING * * *
Something hits you.
* * * LOW HITPOINT WARNING * * *
You miss something. Something hits you.
* * * LOW HITPOINT WARNING * * *
Something hits you but does no damage. Something hits you.
* * * LOW HITPOINT WARNING * * *
There is a stone staircase leading up here.
You hear some strange, mumbled words.
A puff of flame appears from out of thin air!
The puff of flame hits you! The fire burns you terribly!
You die...
You join the legions of the undead harvest.

..........#
.........)#
........))#
.##+#####.#
#.# #l# #.#
#####.#
#@.{l.#
#######


You could see an iguana.

Vanquished Creatures
  Sigmund (D:5)
  Eustachio (D:5)
  An ice beast (D:6)
  A centaur (D:6)
  A gnoll sergeant (D:6)
  2 scorpions (D:4)
  3 bombardier beetles
  4 hounds
  A jelly (D:5)
  4 orc priests
  4 iguanas
  An orc wizard (D:6)
  Ijyb (D:5)
  Terence (D:2)
  7 gnolls (D:6)
  6 adders
  2 white imps
  3 dart slugs
  2 ribbon worms
  8 orcs
  5 bats
  5 endoplasms
  5 giant cockroaches
  4 hobgoblins
  3 jackals (D:1)
  10 kobolds
  4 quokkas
  4 ball pythons
  3 frilled lizards (D:2)
  4 goblins
  2 rats
103 creatures vanquished.

Vanquished Creatures (collateral kills)
  A bombardier beetle (D:5)
  2 orcs
  2 goblins
  2 hobgoblins
  A kobold (D:4)
8 creatures vanquished.

Vanquished Creatures (others)
  A hound zombie (D:6)
  A ribbon worm zombie (D:5)
  A jelly zombie (D:5)
  A spectral white imp (D:6)
  A spectral gnoll (D:6)
  A gnoll zombie (D:6)
  5 orc zombies
  A quokka zombie (D:5)
12 creatures vanquished.

Grand Total: 123 creatures vanquished

Notes
Turn   | Place    | Note
-------+----------+-------------------------------------------
     0 | D:1      | JustSomeDude the Mummy Necromancer began the quest for the
                  | Orb.
     0 | D:1      | Reached XP level 1. HP: 13/13 MP: 4/4
   126 | D:1      | Reached XP level 2. HP: 12/19 MP: 0/5
   411 | D:1      | Found Biritzo's General Store.
   446 | D:1      | Reached skill level 3 in Spellcasting
   883 | D:2      | Reached XP level 3. HP: 24/24 MP: 2/8
   912 | D:2      | Noticed Terence
   997 | D:2      | Killed Terence
   998 | D:2      | Reached skill level 4 in Spellcasting
  1039 | D:2      | Reached XP level 4. HP: 29/30 MP: 2/10
  1135 | D:2      | Found an ornate altar of the Wu Jian Council.
  1221 | D:2      | Found a faded altar of an unknown god.
  1562 | D:3      | Reached skill level 5 in Necromancy
  1725 | D:4      | Found a burning altar of Makhleb.
  1725 | D:4      | Noticed a balrug
  1728 | D:4      | Noticed a smoke demon
  1728 | D:4      | Noticed a hellwing
  1861 | D:4      | Learned a level 3 spell: Vampiric Draining
  1866 | D:4      | Learned a level 4 spell: Animate Dead
  1974 | D:4      | Reached skill level 5 in Spellcasting
  1974 | D:4      | Reached XP level 5. HP: 35/35 MP: 3/12
  2330 | D:4      | Reached skill level 1 in Fighting
  2363 | D:4      | Reached XP level 6. HP: 37/43 MP: 4/14
  2641 | D:4      | Identified the +0 short sword of JustSomeDude's Death
                  | {flame, rC+ rN+}
  2665 | D:4      | Reached skill level 6 in Spellcasting
  2903 | D:4      | Found an ornate altar of the Wu Jian Council.
  2926 | D:5      | Entered Level 5 of the Dungeon
  2947 | D:5      | Found a staircase to the Ecumenical Temple.
  2952 | D:5      | Noticed Eustachio
  2956 | Temple   | Found a transporter.
  2956 | Temple   | Found a transporter.
  2956 | Temple   | Found a transporter.
  2956 | Temple   | Found a transporter.
  2956 | Temple   | Entered the Ecumenical Temple
  2987 | Temple   | Became a worshipper of Yredelemnul the Dark
  3096 | D:5      | Noticed Sigmund
  3537 | D:5      | Reached * piety under Yredelemnul
  3564 | D:5      | Reached XP level 7. HP: 48/48 MP: 12/17
  3567 | D:5      | Reached skill level 7 in Spellcasting
  3679 | D:5      | Reached ** piety under Yredelemnul
  3901 | D:5      | Killed Eustachio
  4060 | D:5      | Noticed Ijyb
  4066 | D:5      | Killed Ijyb
  4067 | D:5      | Reached skill level 1 in Unarmed Combat
  4366 | D:6      | Found an opulent altar of Gozag.
  4371 | D:6      | HP: 2/49 [gnoll sergeant/+3 trident of protection (10)]
  4546 | D:5      | Killed Sigmund
  4547 | D:5      | Reached skill level 8 in Spellcasting
  4547 | D:5      | Reached XP level 8. HP: 55/55 MP: 14/20
  4683 | D:6      | Found a shimmering altar of Xom.
  4683 | D:6      | Found a hide-covered altar of Uskayaw.
  5397 | D:7      | Killed from afar by an orc wizard

Illustrated notes

Levels and vault maps discovered:
D:1:      tarquinn_simple_flora_water_f, layout_loops_ring, serial_shops, shop
D:2:      layout_rooms, basic_altar, shapermc_ecumenical_altar_mp_vishouse,
          minmay_misc_feat_rows, grunt_decor_one_mirror, uniq_terence
D:3:      layout_rooms, minmay_misc_feat_rugged, kennysheep_generic_room_14
D:4:      layout_basic, makhleb_altar_promises_db, mainiacjoe_overflow_alcove_4
D:5:      layout_basic, minmay_temple_entry_waves, kennysheep_doodads,
          kennysheep_nub, chequers_jeans, uniq_ijyb, uniq_sigmund,
          uniq_eustachio
D:6:      layout_basic, mainiacjoe_overflow_cross_hatched,
          chequers_temple_overflow_statue_of_worship
D:7:      layout_basic, mainiacjoe_overflow_paths, uniq_menkaure
Temple:   hellmonk_temple_divided_pantheon

Skill      XL: |  1  2  3  4  5  6  7  8 |
---------------+-------------------------+-----
Spellcasting   | 3 4 5 6 8 |  8.9
Necromancy     | 5 6 7 |  7.5
Fighting       | 1 2 |  2.3
Stealth        | 2 |  2.3
Dodging        | 2 |  2.2
Unarmed Combat | 1 |  1.2
Polearms       | |  0.6
Evocations     | |  0.1

Action                     |  1- 3 |  4- 6 |  7- 9 || total
---------------------------+-------+-------+-------++-------
  Melee: Unarmed           |     9 |     9 |    34 ||    52
         Trident           |       |       |    34 ||    34
   Cast: Necrotise         |    54 |    99 |    39 ||   192
         Vampiric Draining |       |     7 |    28 ||    35
 Invoke: Dark Bargain      |       |       |     2 ||     2
  Evoke: Wand              |       |       |     2 ||     2
    Use: Scroll            |     1 |     2 |     1 ||     4
   Stab: Distracted        |       |       |     2 ||     2
 Armour: Robe              |    18 |     8 |    72 ||    98
  Dodge: Dodged            |    12 |    20 |    52 ||    84
